Map: Abyssal Reef LE

Players

Heroes

  • Race: Zerg Zerg
  • League: Diamond
  • Spawn Location: 5:00

FLORENCIO - Winner!

  • Race: Protoss Protoss
  • League: Silver
  • Spawn Location: 11:00

VOD

Have the link to the VOD?

Description

Time

  • Played on: May 7, 2017, 11:56 p.m.
  • Length: 18:45
Show
View Real Time Build Order
Export as new Build Order

Heroes Zerg 

Build Orders: Pool First 

Get SALT Encoding   

  12  0:01  Drone  
  13  0:09  Drone  
  14  0:22  Overlord  
  14  0:33  Spawning Pool  
  13  0:35  Extractor  
  13  0:39  Drone  
  13  0:43  Drone  
  13  0:48  Drone  
  15  0:52  Drone  
  16  1:01  Drone  
  17  1:12  Drone  
  18  1:27  Hatchery  
  17  1:36  Metabolic Boost  
  17  1:38  Zergling x2  
  18  1:44  Zergling x2  
  18  1:45  Zergling x2  
  20  1:56  Zergling x2  
  21  2:09  Zergling x2  
  21  2:25  Zergling x2  
  23  2:34  Spine Crawler  
  23  2:35  Zergling x2  
  23  2:36  Hatchery  
  21  2:37  Overlord  
  21  2:50  Queen  
  22  2:57  Zergling x2  
  23  3:00  Spine Crawler  
  23  3:06  Zergling x2  
  23  3:11  Zergling x2  
  23  3:24  Drone, Extractor  
  23  3:46  Drone x2  
  22  3:54  Drone x2  
  24  4:07  Lair  
  24  4:14  Drone x2  
  25  4:35  Hatchery, Drone  
  25  4:36  Drone x2  
  27  4:41  Spine Crawler, Drone x2  
  27  4:44  Spine Crawler  
  27  4:51  Overlord  
  27  5:15  Spire  
  26  5:30  Overseer  
  26  5:46  Hatchery  
  25  6:34  Mutalisk  
  25  6:35  Mutalisk x5  
  25  6:38  Overlord x2  
  37  6:42  Zerg Flyer Weapons Level 1  
  37  6:51  Drone  
  37  7:03  Drone  
  37  7:07  Evolution Chamber, Drone  
  37  7:08  Drone x2  
  40  7:10  Drone  
  41  7:18  Overlord  
  41  7:37  Mutalisk x3  
  41  7:39  Drone  
  41  7:41  Drone  
  41  7:44  Drone  
  50  8:01  Drone  
  50  8:02  Drone x4  
  53  8:15  Drone x2  
  53  8:24  Drone x2, Hydralisk Den  
  54  8:27  Queen  
  54  8:34  Extractor  
  55  8:35  Extractor  
  54  8:42  Mutalisk  
  54  8:47  Drone x3  
  54  8:56  Spore Crawler  
  54  8:58  Spore Crawler  
  54  9:00  Hydralisk x4  
  52  9:21  Drone x3  
  52  9:22  Drone x2  
  57  9:28  Muscular Augments  
  57  9:37  Overlord x2  
  57  9:40  Spore Crawler  
  57  9:43  Spore Crawler  
  55  9:49  Drone x3  
  58  10:06  Hatchery  
  55  10:11  Pneumatized Carapace  
  55  10:14  Zerg Missile Weapons Level 1  
  55  10:16  Hydralisk  
  57  10:30  Hydralisk x3  
  62  11:02  Mutalisk x5  
  62  11:03  Mutalisk  
  74  11:19  Overlord x2  
  74  11:27  Hatchery  
  73  11:34  Mutalisk  
  73  11:38  Zergling x8  
  73  11:39  Mutalisk x2  
  79  11:40  Mutalisk  
  85  11:55  Hydralisk x2  
  85  11:56  Hydralisk  
  91  12:07  Overlord x3  
  80  12:28  Drone x2  
  80  12:29  Drone x4  
  54  13:08  Mutalisk x3  
  54  13:09  Mutalisk x2  
  58  13:23  Hydralisk x3  
  60  13:38  Zergling x4  
  60  13:39  Zergling x6  
  65  13:42  Drone  
  65  13:46  Drone  
  67  13:51  Drone x2  
  69  13:56  Drone  
  69  13:58  Drone  
  71  14:16  Corruptor  
  71  14:17  Corruptor  
  66  14:31  Corruptor x2  
  66  14:33  Drone  
  71  14:38  Zerg Flyer Weapons Level 2  
  71  14:58  Corruptor x2  
  65  15:00  Overlord  
  65  15:03  Drone  
  65  15:04  Drone  
  65  15:05  Drone  
  62  15:11  Drone x3  
  65  15:14  Drone  
  65  15:17  Drone  
  67  15:23  Drone, Spore Crawler  
  67  15:25  Drone  
  68  15:36  Corruptor  
  68  15:38  Corruptor  
  72  15:51  Spore Crawler  
  71  16:05  Extractor  
  71  16:06  Hatchery, Drone x5  
  71  16:07  Drone x2  
  76  16:12  Corruptor  
  76  16:15  Corruptor  
  80  16:33  Corruptor x3  
  80  16:38  Corruptor  
  88  17:01  Corruptor x4  
  96  17:20  Spore Crawler  
  96  17:21  Spore Crawler  
  82  17:42  Corruptor  
  82  17:43  Corruptor x3  
Show
View Real Time Build Order
Export as new Build Order

FLORENCIO Protoss - Winner!

Build Orders:  

Get SALT Encoding   

  12  0:01  Probe (Chrono Boost)  
  13  0:11  Probe (Chrono Boost)  
  14  0:24  Probe (Chrono Boost)  
  14  0:25  Pylon  
  15  0:43  Probe (Chrono Boost)  
  15  0:48  Forge  
  16  0:54  Probe (Chrono Boost)  
  17  1:05  Probe (Chrono Boost)  
  18  1:15  Probe (Chrono Boost)  
  19  1:32  Pylon x2  
  19  1:34  Pylon  
  19  1:36  Probe (Chrono Boost)  
  20  1:46  Probe (Chrono Boost)  
  21  1:52  Photon Cannon  
  21  1:57  Probe (Chrono Boost)  
  21  1:58  Pylon  
  22  2:06  Photon Cannon  
  22  2:11  Photon Cannon  
  22  2:14  Pylon  
  22  2:19  Photon Cannon  
  22  2:23  Photon Cannon  
  22  2:36  Gateway  
  22  2:37  Photon Cannon  
  22  2:39  Pylon  
  22  2:42  Pylon  
  22  2:47  Pylon  
  22  2:53  Photon Cannon  
  22  2:58  Pylon  
  22  3:05  Pylon  
  22  3:15  Pylon  
  22  3:20  Pylon  
  22  3:21  Probe (Chrono Boost)  
  22  3:23  Assimilator  
  23  3:27  Assimilator  
  23  3:31  Probe (Chrono Boost)  
  24  3:36  Pylon  
  24  3:37  Pylon  
  24  3:39  Pylon  
  24  3:43  Pylon  
  24  3:55  Photon Cannon  
  24  3:56  Photon Cannon  
  24  3:59  Photon Cannon  
  24  4:01  Pylon  
  24  4:08  Photon Cannon  
  24  4:20  Pylon  
  24  4:47  Cybernetics Core  
  24  4:50  Nexus  
  24  4:57  Pylon  
  24  5:05  Pylon  
  24  5:24  Photon Cannon  
  24  5:27  Photon Cannon  
  24  5:28  Photon Cannon  
  24  5:31  Photon Cannon  
  24  5:40  Photon Cannon  
  26  5:50  Mothership Core (Chrono Boost)  
  26  6:03  Stargate  
  26  6:06  Stargate  
  26  6:12  Pylon  
  26  6:25  Probe (Chrono Boost)  
  27  6:28  Assimilator  
  27  6:32  Assimilator  
  27  6:35  Probe (Chrono Boost)  
  28  6:46  Probe (Chrono Boost)  
  29  6:50  Void Ray  
  33  6:57  Probe (Chrono Boost)  
  34  7:07  Pylon, Probe (Chrono Boost)  
  35  7:12  Pylon  
  35  7:18  Probe (Chrono Boost)  
  39  7:37  Phoenix  
  39  7:39  Phoenix  
  38  8:02  Phoenix  
  38  8:04  Phoenix  
  42  8:24  Photon Cannon  
  42  8:27  Photon Cannon  
  42  8:38  Probe (Chrono Boost)  
  43  8:43  Void Ray  
  47  9:14  Void Ray  
  51  9:22  Probe (Chrono Boost)  
  50  9:30  Void Ray  
  54  9:33  Probe (Chrono Boost)  
  55  9:44  Probe (Chrono Boost)  
  56  9:54  Probe (Chrono Boost)  
  56  9:56  Stargate  
  57  10:00  Pylon  
  57  10:05  Probe (Chrono Boost)  
  58  10:14  Oracle x2  
  58  10:15  Probe (Chrono Boost)  
  65  10:28  Probe (Chrono Boost)  
  66  10:30  Photon Cannon  
  66  10:38  Probe (Chrono Boost)  
  67  10:49  Probe (Chrono Boost)  
  64  10:58  Oracle x3  
  71  11:27  Pylon  
  71  11:29  Fleet Beacon  
  71  11:37  Mothership Core (Chrono Boost)  
  59  12:26  Carrier  
  59  12:27  Carrier  
  69  12:36  Photon Cannon  
  69  12:39  Pylon  
  52  13:12  Stargate  
  48  13:13  Photon Cannon  
  48  13:16  Mothership Core (Chrono Boost)  
  48  13:19  Photon Cannon  
  50  13:23  Photon Cannon  
  50  13:31  Fleet Beacon  
  50  13:34  Probe (Chrono Boost)  
  50  13:36  Pylon  
  50  13:40  Stargate  
  51  13:43  Stargate  
  51  13:45  Probe (Chrono Boost)  
  52  13:54  Nexus  
  52  13:58  Phoenix  
  52  13:59  Phoenix x2  
  58  14:09  Photon Cannon  
  58  14:29  Carrier  
  64  14:44  Photon Cannon  
  64  14:46  Assimilator  
  64  14:50  Assimilator  
  64  15:10  Carrier  
  64  15:11  Mothership Core (Chrono Boost)  
  64  15:13  Probe (Chrono Boost)  
  65  15:15  Carrier  
  71  15:23  Probe (Chrono Boost)  
  78  15:29  Probe (Chrono Boost)  
  78  15:34  Probe (Chrono Boost)  
  80  15:45  Probe (Chrono Boost)  
  80  15:48  Pylon  
  81  15:52  Void Ray  
  85  15:59  Probe (Chrono Boost)  
  86  16:09  Probe (Chrono Boost)  
  87  16:15  Void Ray  
  91  16:27  Pylon  
  91  16:32  Pylon  
  91  16:34  Probe (Chrono Boost)  
  91  16:36  Void Ray  
  96  16:51  Void Ray  
  92  17:41  Void Ray  
  88  17:47  Void Ray  
Tags
 
Add a new tag
Caveats
  • Supply blocks, unpowered buildings, or Contaminate may cause inaccurate times.
  • Supply counts are checked every 10 seconds.